[Event "Team 45 45 League T36"]
[Site "Internet Chess Club"]
[Date "2008.02.11"]
[Round "3"]
[White "BrerRabbit"]
[Black "GolfSuper"]
[Result "0-1"]
[WhiteElo "1565"]
[BlackElo "1618"]
[Opening "QGD Slav"]
[ECO "D11"]
[Time "19:04:35"]
[TimeControl "2700+45"]

1. d4 d5 2. c4 c6 3. Nf3 Nf6 4. e3 e6 5. Nbd2 Bd6 6. b3 O-O 7. Bb2 Nbd7 8. Bd3
c5 9. Ne5 cxd4 10. exd4 dxc4 11. Ndxc4 Bb4+ 12. Nd2 Nxe5 13. dxe5 Nd5 14. O-O
Nf4 15. Be4 Qxd2 16. Qxd2 Bxd2 17. Rfd1 Ba5 18. Kf1 Nd5 19. Bxd5 exd5 20. Rxd5
Bb6 21. Rad1 Be6 22. R5d3 Rad8 23. h3 Rxd3 24. Rxd3 Rd8 25. Rf3 Rd2 26. Ba3 Rxa2
27. Bd6 Rb2 28. b4 a5 29. bxa5 Rb1+ 30. Ke2 Bc4+ 31. Kd2 Bxa5+ 32. Kc2 Rb5 33.
Ra3 h6 34. f4 Be6 35. g4 Bb4 36. Rd3 f6 37. Rd4 Bc5 38. Rd3 fxe5 39. fxe5 Bxd6
40. exd6 Bd7 41. Kc3 Rc5+ 42. Kb4 Rc6 43. Ka5 Kf7 {White resigns} 0-1

[Event "Team 45 45 League T36"]
[Site "Internet Chess Club"]
[Date "2008.02.06"]
[Round "3"]
[White "twinders"]
[Black "allanchs"]
[Result "1/2-1/2"]
[WhiteElo "1696"]
[BlackElo "1530"]
[Opening "QGD: classical variation (5.Bf4)"]
[ECO "D37"]
[Time "09:22:52"]
[TimeControl "2700+45"]

1. d4 d5 2. c4 e6 3. Nc3 Nf6 4. Nf3 Be7 5. Bf4 O-O 6. e3 Nbd7 7. Bd3 dxc4 8.
Bxc4 c5 9. O-O cxd4 10. Qxd4 b6 11. Nb5 Ba6 12. Rfc1 Bb7 13. Be2 a6 14. Nd6 Bd5
15. Nc4 b5 16. Nce5 Nh5 17. Nxd7 Nxf4 18. Qxf4 Qxd7 19. Qg4 Bf6 20. Rd1 Qb7 21.
Rd2 Rac8 22. Nd4 Rc5 23. Bf3 Rfc8 24. Bxd5 Rxd5 25. Rdd1 Rcd8 26. h3 Bxd4 27.
Rxd4 Rxd4 28. exd4 Qd5 29. b3 Qxd4 30. Qxd4 Rxd4 31. Kf1 Kf8 32. Ke2 Ke7 33. Rc1
e5 34. Rc6 Rd6 35. Rc7+ Ke6 36. Rc5 f6 37. Rc7 Rd7 38. Rc6+ Rd6 39. Rc7 {Game
drawn by mutual agreement} 1/2-1/2

[Event "Team 45 45 League T36"]
[Site "Internet Chess Club"]
[Date "2008.02.08"]
[Round "3"]
[White "crag"]
[Black "strudel"]
[Result "1-0"]
[WhiteElo "1481"]
[BlackElo "1453"]
[Opening "Sicilian: Najdorf, Byrne (English) attack"]
[ECO "B90"]
[Time "16:23:40"]
[TimeControl "2700+45"]

1. e4 c5 2. Nf3 d6 3. d4 cxd4 4. Nxd4 Nf6 5. Nc3 a6 6. Be3 e5 7. Nf3 Be7 8. Qd2
O-O 9. Bc4 Ng4 10. O-O-O Nxe3 11. Qxe3 Qc7 12. Be2 Be6 13. Nd5 Bxd5 14. exd5 Nd7
15. h4 Rac8 16. Qb3 Nc5 17. Qc4 Qd7 18. Qb4 b5 19. h5 e4 20. Nd2 f5 21. Nb3
Nxb3+ 22. Qxb3 Bf6 23. f3 exf3 24. Qxf3 Be5 25. Bd3 Rf6 26. Rdf1 Rcf8 27. Qh3
R8f7 28. Be2 Qb7 29. Rd1 b4 30. g4 fxg4 31. Bxg4 Kf8 32. Qd3 Rh6 33. Bf5 Qe7 34.
Bxh7 Qg5+ 35. Kb1 a5 36. Bg6 Rf6 37. Rdf1 Rxf1+ 38. Qxf1+ Bf4 39. Qf2 Rxg6 40.
hxg6 Ke7 41. Qa7+ Kf6 42. Qf7+ Ke5 43. Rd1 Qf6 44. Re1+ Kf5 45. Qxf6+ Kxf6 46.
Re6+ Kf5 47. b3 Be5 48. Kc1 Ke4 49. Re8 Kxd5 50. Ra8 Ke6 51. Rxa5 Bc3 52. Rg5 d5
53. Kd1 d4 54. Ke2 Kf6 55. Rg2 Kf5 56. Kd3 Kf6 57. Kc4 Ke6 58. Kb5 Kf6 59. Ka4
Ke6 60. a3 bxa3 61. Kxa3 {Black resigns} 1-0

[Event "Team 45 45 League T36"]
[Site "Internet Chess Club"]
[Date "2008.02.09"]
[Round "3"]
[White "mrmarck"]
[Black "Mudfrog"]
[Result "1/2-1/2"]
[WhiteElo "1341"]
[BlackElo "1474"]
[Opening "Queen's pawn game"]
[ECO "D05"]
[Time "12:01:04"]
[TimeControl "2700+45"]

1. d4 d5 2. Nf3 Nf6 3. e3 e6 4. c4 c5 5. Nc3 Nc6 6. cxd5 exd5 7. Bb5 a6 8. Bxc6+
bxc6 9. O-O Be7 10. Ne5 Qc7 11. b3 cxd4 12. Qxd4 O-O 13. Nf3 Rd8 14. Ne2 c5 15.
Qc3 Rb8 16. Ng3 Ne4 17. Nxe4 dxe4 18. Bb2 Bf6 19. Ne5 Rd5 20. Rad1 Bxe5 21. Qxe5
Rxe5 22. Bxe5 Qe7 23. Bxb8 h5 24. Rd5 Bg4 25. Rc1 c4 26. Bd6 Qb7 27. bxc4 Qb2
28. Rf1 Qxa2 29. Rd4 Be2 30. Re1 Bxc4 31. Rxe4 Qd2 32. Rb1 Qxd6 33. Rxc4 Kh7 34.
Rbc1 a5 35. Rc5 g6 36. Rxa5 Qd2 37. Rac5 Kg7 38. Kf1 Qd3+ {Game drawn by mutual
agreement} 1/2-1/2

[Event "Team 45 45 League T36"]
[Site "Internet Chess Club"]
[Date "2008.02.12"]
[Round "3"]
[White "WFN2"]
[Black "xakelari"]
[Result "1-0"]
[WhiteElo "2286"]
[BlackElo "2012"]
[Opening "Queen's pawn: London system"]
[ECO "A45"]
[Time "16:08:34"]
[TimeControl "2700+45"]

1. d4 Nf6 2. Bf4 d5 3. e3 Bf5 4. c4 e6 5. Nc3 c6 6. Qb3 Qb6 7. c5 Qxb3 8. axb3
Nbd7 9. b4 Nh5 10. Kd2 Nxf4 11. exf4 a6 12. b5 cxb5 13. Bxb5 Rc8 14. Bd3 Bxd3
15. Kxd3 Bxc5 16. dxc5 Nxc5+ 17. Ke2 d4 18. Nd1 d3+ 19. Ke3 Nb3 20. Ra3 Nc5 21.
Nf3 Ke7 22. Ne5 f6 23. Nxd3 Nxd3 24. Rxd3 Rc1 25. Kd2 Rhc8 26. Rc3 R8xc3 27.
bxc3 Ra1 28. Kc2 Kd6 29. Re1 Ra4 30. g3 Ra5 31. Nb2 Rh5 32. h4 g5 33. fxg5 fxg5
34. hxg5 Rxg5 35. Nc4+ Kd5 36. Kd3 b5 37. Ne3+ Kc5 38. g4 Rg7 39. Rh1 Rf7 40.
Rh5+ Kd6 41. Ke4 Rc7 42. f4 Rxc3 43. Rxh7 a5 44. g5 a4 45. g6 Rc8 46. g7 Rg8 47.
f5 exf5+ 48. Nxf5+ Ke6 49. Nh6 a3 50. Nxg8 a2 51. Nh6 a1=Q 52. g8=Q+ Kd6 53.
Qd5# {Black checkmated} 1-0

[Event "Team 45 45 League T36"]
[Site "Internet Chess Club"]
[Date "2008.02.11"]
[Round "3"]
[White "alexcluster"]
[Black "SluMan"]
[Result "0-1"]
[WhiteElo "1839"]
[BlackElo "2005"]
[Opening "Queen's pawn game, Chigorin variation"]
[ECO "D02"]
[Time "08:57:09"]
[TimeControl "2700+45"]

1. d4 d5 2. Nf3 Nc6 3. c4 Bg4 4. e3 e5 5. Be2 e4 6. Nfd2 Bxe2 7. Qxe2 Nb4 8. Nb3
Nd3+ 9. Kd1 c6 10. N3d2 Bd6 11. Nc3 Ne7 12. f3 f5 13. fxe4 fxe4 14. Rf1 Qd7 15.
cxd5 cxd5 16. Nxd5 Nxd5 17. Qh5+ g6 18. Qxd5 Qg4+ 19. Kc2 Nb4+ {White resigns}
0-1

[Event "Team 45 45 League T36"]
[Site "Internet Chess Club"]
[Date "2008.02.10"]
[Round "3"]
[White "Zillmer"]
[Black "hualpe"]
[Result "1-0"]
[WhiteElo "1958"]
[BlackElo "1820"]
[Opening "Petrov: classical attack, Mason variation"]
[ECO "C42"]
[Time "13:00:36"]
[TimeControl "2700+45"]

1. e4 e5 2. Nf3 Nf6 3. Nxe5 d6 4. Nf3 Nxe4 5. d4 d5 6. Bd3 Be7 7. O-O O-O 8. c4
c6 9. Re1 f5 10. cxd5 cxd5 11. Qb3 Be6 12. Qxb7 Nd7 13. Bf4 g5 14. Bc7 Qe8 15.
Nc3 Qf7 16. Bb5 Ndf6 17. Ne5 Qh5 18. Nc6 Bd6 19. Bxd6 Nxd6 20. Qe7 Nf7 21. Qxe6
Ng4 22. h3 Nh6 23. Ne7+ Kg7 24. Ncxd5 Ng8 25. Nxf5+ {Black resigns} 1-0

[Event "Team 45 45 League T36"]
[Site "Internet Chess Club"]
[Date "2008.02.10"]
[Round "3"]
[White "kassy"]
[Black "chipionero"]
[Result "1-0"]
[WhiteElo "1786"]
[BlackElo "1683"]
[Opening "Sicilian: Najdorf, Byrne (English) attack"]
[ECO "B90"]
[Time "14:01:40"]
[TimeControl "2700+45"]

1. e4 c5 2. Nf3 d6 3. d4 cxd4 4. Nxd4 Nf6 5. Nc3 a6 6. Be3 e5 7. Nb3 Be6 8. f3
Be7 9. Qd2 Nbd7 10. g4 Qc7 11. O-O-O O-O 12. h4 Nb6 13. h5 Rfc8 14. g5 Nfd7 15.
g6 Nf6 16. gxh7+ Kh8 17. h6 g6 18. Bg5 Nc4 19. Bxf6+ Bxf6 20. Bxc4 Qxc4 21. Qxd6
b5 22. Na5 Qc5 23. Qxc5 Rxc5 24. Nd5 Bxd5 25. Rxd5 Rc7 26. Rhd1 Kxh7 27. Rd7
Rac8 28. Rxc7 Rxc7 29. Rd6 Bg5+ 30. Kd1 Ra7 31. Nc6 Ra8 32. Nxe5 Bf4 33. Rd5
Bxe5 34. Rxe5 Kxh6 35. c3 Ra7 36. Kd2 Kg7 37. Kd3 Kf6 38. Rd5 Ke6 39. Kd4 Rc7
40. f4 Rc4+ 41. Kd3 f5 42. Re5+ Kf6 43. b3 Rc6 44. exf5 gxf5 45. c4 b4 46. c5
Rc8 47. Kc4 Rd8 48. c6 Rd1 49. Kxb4 Rd4+ 50. Kc5 Rxf4 51. Re8 Rf2 52. c7 {Black
resigns} 1-0

[Event "Team 45 45 League T36"]
[Site "Internet Chess Club"]
[Date "2008.02.12"]
[Round "3"]
[White "Qui"]
[Black "DctSccr"]
[Result "0-1"]
[WhiteElo "1992"]
[BlackElo "2140"]
[Opening "French: Labourdonnais variation"]
[ECO "C00"]
[Time "15:02:54"]
[TimeControl "2700+45"]

1. e4 e6 2. f4 d5 3. e5 c5 4. Nf3 Nc6 5. c3 Nh6 6. Na3 f6 7. Be2 Be7 8. O-O O-O
9. Nc2 Bd7 10. b3 Qb6 11. Ne3 fxe5 12. fxe5 Be8 13. d4 Bh5 14. Nc2 Nf5 15. Kh1
Bxf3 16. Rxf3 cxd4 17. cxd4 Ncxd4 18. Nxd4 Qxd4 19. Bd2 Qxe5 20. Rc1 Nd4 21. Re3
Qd6 22. Bd3 e5 23. Qh5 e4 24. Bb1 Rf2 25. Bb4 Qc6 26. Rec3 Qb5 27. Kg1 Raf8 28.
Bd3 exd3 29. Bxe7 Ne2+ {White resigns} 0-1

[Event "Team 45 45 League T36"]
[Site "Internet Chess Club"]
[Date "2008.02.08"]
[Round "3"]
[White "smitty120"]
[Black "gezira"]
[Result "0-1"]
[WhiteElo "1964"]
[BlackElo "2135"]
[Opening "Sicilian defense"]
[ECO "B40"]
[Time "17:03:49"]
[TimeControl "2700+45"]

1. e4 c5 2. Nf3 e6 3. d3 d5 4. Qe2 Nc6 5. g3 d4 6. e5 b6 7. Bg2 h6 8. O-O Nge7
9. Nbd2 Nd5 10. a3 Be7 11. Re1 O-O 12. Nf1 Qc7 13. h4 Bd7 14. N1h2 b5 15. Nd2
Na5 16. Qh5 Nc6 17. Ng4 Be8 18. Nxh6+ gxh6 19. Qg4+ Kh8 20. Qh5 Qd7 21. Qxh6+
Kg8 22. Bh3 Nd8 23. Nf3 f6 24. Re4 f5 25. Re1 Rf7 26. Kh2 Rg7 27. g4 fxg4 28.
Rg1 Nf7 29. Qh5 Nxe5 30. Nxe5 Bxh5 31. Nxd7 Bd6+ 32. Kh1 gxh3 {White resigns}
0-1

[Event "Team 45 45 League T36"]
[Site "Internet Chess Club"]
[Date "2008.02.11"]
[Round "3"]
[White "viking99"]
[Black "MiroslavR"]
[Result "1-0"]
[WhiteElo "1833"]
[BlackElo "1915"]
[Opening "Sicilian: Najdorf, Opocensky variation"]
[ECO "B92"]
[Time "14:04:48"]
[TimeControl "2700+45"]

1. e4 c5 2. Nf3 d6 3. d4 cxd4 4. Nxd4 Nf6 5. Nc3 a6 6. Be2 e5 7. Nf5 d5 8. Ng3
d4 9. Nb1 Nc6 10. O-O Qb6 11. Nd2 Qc7 12. a3 b5 13. Nf3 h5 14. Nh4 g6 15. f4 Bh6
16. fxe5 Bxc1 17. Rxc1 Qxe5 18. Nf3 Qd6 19. c3 h4 20. cxd4 hxg3 21. e5 gxh2+ 22.
Kh1 Ne4 23. Qe1 Nxd4 24. exd6 Nxe2 25. Qxe2 {Black resigns} 1-0

[Event "Team 45 45 League T36"]
[Site "Internet Chess Club"]
[Date "2008.02.08"]
[Round "3"]
[White "DocHoliday"]
[Black "PrincessChess"]
[Result "1/2-1/2"]
[WhiteElo "1972"]
[BlackElo "1842"]
[Opening "Danish gambit"]
[ECO "C21"]
[Time "21:06:57"]
[TimeControl "2700+45"]

1. e4 e5 2. d4 exd4 3. c3 dxc3 4. Bc4 c6 5. Nxc3 Bb4 6. Bxf7+ Kxf7 7. Qb3+ d5 8.
Qxb4 Na6 9. Qd4 Ne7 10. Nf3 Re8 11. O-O dxe4 12. Ng5+ Kg8 13. Qc4+ Nd5 14. Ngxe4
Be6 15. Qd3 Nab4 16. Qg3 Qc7 17. Nf6+ Kh8 18. Qxc7 Nxc7 19. Nxe8 Rxe8 20. Bf4
Ncd5 21. Nxd5 Nxd5 22. Be5 Kg8 23. f4 Bf5 24. Rfe1 Rc8 25. Bd4 a6 26. Re5 g6 27.
g3 Kf7 28. Rae1 Rd8 29. a3 Rc8 30. Kg2 Rd8 31. R1e2 Bd3 32. Re1 Bf5 33. Bc5 Bc8
34. Be7 Re8 35. Bg5 Rxe5 36. Rxe5 h5 37. Kf2 Bh3 38. Ke2 Bg4+ 39. Kd3 b6 40. b4
Be6 41. Kd4 Nc7 42. Bd8 Nb5+ 43. Rxb5 axb5 44. Ke5 Bh3 45. Bxb6 Bg2 46. Bd8 Bh1
47. Kd6 Bg2 48. Bg5 Bh1 49. h3 Bg2 50. Bh4 Bh1 51. g4 hxg4 52. hxg4 Bg2 53. f5
gxf5 54. gxf5 Bh1 55. Be7 Bg2 56. Bd8 Bh1 57. Ke5 Bg2 58. Bb6 Bh1 59. Bd4 Bg2
60. Kd6 Bh1 61. Kc7 Bg2 62. Kb6 Bh1 63. Ka5 Bg2 64. Be5 Bh1 65. a4 bxa4 66. Kxa4
Be4 67. Ka5 Bxf5 {Game drawn by mutual agreement} 1/2-1/2

[Event "Team 45 45 League T36"]
[Site "Internet Chess Club"]
[Date "2008.02.08"]
[Round "3"]
[White "BIGGY"]
[Black "Ocho-Cinco"]
[Result "1-0"]
[WhiteElo "1732"]
[BlackElo "1753"]
[Opening "Bird's opening"]
[ECO "A03"]
[Time "17:47:15"]
[TimeControl "2700+45"]

1. f4 d5 2. Nf3 Nf6 3. e3 e6 4. b3 c5 5. Bb2 a6 6. d3 Be7 7. Be2 b6 8. O-O Bb7
9. Qe1 Nc6 10. Nbd2 Nb4 11. Bd1 Rc8 12. a3 Nc6 13. Qg3 d4 14. Qxg7 Rg8 15. Qh6
Rg6 16. Qh3 Nd5 17. Nc4 dxe3 18. Nfe5 Nxe5 19. Nxe5 Nxf4 20. Rxf4 Rxg2+ 21. Kf1
Rg7 22. Qh5 e2+ 23. Bxe2 c4 24. Rxf7 Bg2+ 25. Ke1 Bh4+ 26. Kd1 Qg5 27. Rxg7+
Qxh5 28. Bxh5+ {Black resigns} 1-0

[Event "Team 45 45 League T36"]
[Site "Internet Chess Club"]
[Date "2008.02.08"]
[Round "3"]
[White "charles-allen"]
[Black "OrangeKing"]
[Result "1/2-1/2"]
[WhiteElo "1814"]
[BlackElo "1703"]
[Opening "Bishop's opening/Petrov: Urusov gambit"]
[ECO "C24"]
[Time "19:00:06"]
[TimeControl "2700+45"]

1. e4 e5 2. Bc4 Nf6 3. d4 exd4 4. Nf3 d6 5. O-O Be7 6. Re1 O-O 7. Nxd4 Nxe4 8.
Rxe4 d5 9. Bxd5 Qxd5 10. Rxe7 c5 11. Nc3 Qxd4 12. Be3 Qxd1+ 13. Rxd1 Nc6 14. Rc7
Rd8 15. Rxd8+ Nxd8 16. Rxc5 Ne6 17. Rc4 b6 18. Ne4 Ba6 19. Rc6 Rd8 20. Rd6 Rxd6
21. Nxd6 Kf8 22. f4 Nc7 23. c4 Ne8 24. Nxe8 Kxe8 25. c5 b5 26. c6 Kd8 27. Bxa7
Kc7 28. Kf2 Kxc6 29. Ke3 Bc8 30. Kd4 h5 31. h3 g6 32. Bc5 Be6 33. a3 Bc4 {Game
drawn by mutual agreement} 1/2-1/2

[Event "Team 45 45 League T36"]
[Site "Internet Chess Club"]
[Date "2008.02.10"]
[Round "3"]
[White "quotha"]
[Black "GrandPoobah069"]
[Result "0-1"]
[WhiteElo "1560"]
[BlackElo "1694"]
[Opening "Sicilian"]
[ECO "B50"]
[Time "17:06:33"]
[TimeControl "2700+45"]

1. e4 c5 2. Nf3 d6 3. Bc4 e6 4. O-O Nf6 5. Re1 Be7 6. d3 O-O 7. a3 Nc6 8. Bf4 a6
9. d4 cxd4 10. e5 Ng4 11. exd6 Bxd6 12. Bxd6 Qxd6 13. Nc3 b5 14. Ne4 Qc7 15. Bb3
Rd8 16. Nfg5 Qxh2+ 17. Kf1 Qh1+ 18. Ke2 d3+ 19. cxd3 Nd4+ 20. Kd2 Qh2 21. Rh1
Qf4+ 22. Kc3 Bb7 {White resigns} 0-1

[Event "Team 45 45 League T36"]
[Site "Internet Chess Club"]
[Date "2008.02.08"]
[Round "3"]
[White "matein7"]
[Black "bart0"]
[Result "0-1"]
[WhiteElo "1942"]
[BlackElo "1741"]
[Opening "QGD: Tartakower (Makagonov-Bondarevsky) system, 8.cd Nxd5"]
[ECO "D59"]
[Time "15:07:33"]
[TimeControl "2700+45"]

1. d4 d5 2. c4 e6 3. Nc3 Nf6 4. Bg5 Be7 5. Nf3 O-O 6. e3 h6 7. Bh4 b6 8. cxd5
Nxd5 9. Bxe7 Qxe7 10. Nxd5 exd5 11. Bd3 c5 12. O-O Be6 13. Ne5 Nd7 14. f4 cxd4
15. Nc6 Qd6 16. Nxd4 Nc5 17. Bc2 Rfe8 18. Qf3 Rad8 19. Rad1 Re7 20. f5 Bc8 21.
Nb5 Qe5 22. e4 Ba6 23. f6 Qxf6 24. Qg3 Qg5 25. Qxg5 hxg5 26. a4 Bxb5 27. axb5
Nxe4 28. Rf5 Rc8 29. Bb3 Nf6 30. Bxd5 Nxd5 31. Rfxd5 Rc2 32. Rxg5 Rxb2 33. h4 f6
34. Rd8+ Kf7 35. Rgd5 Ree2 36. h5 Rxg2+ 37. Kf1 Rgf2+ 38. Kg1 Rfe2 39. R8d7+ Kg8
40. Kf1 Rh2 41. Kg1 Rhc2 42. h6 Rc1+ 43. Rd1 Rxd1+ 44. Rxd1 Rxb5 45. Rd8+ Kh7
46. Rd7 Kxh6 47. Rxa7 Rb2 48. Ra3 g5 49. Rc3 b5 50. Rc6 Kg6 51. Kf1 b4 52. Rb6
b3 53. Kg1 Kf5 54. Kf1 g4 55. Kg1 Kg5 56. Kf1 f5 57. Kg1 f4 58. Rb5+ Kh4 59. Rb4
Kg3 60. Kf1 f3 61. Re4 f2 62. Re3+ Kf4 63. Rc3 g3 64. Kg2 Rb1 65. Rc4+ Ke5 66.
Rc5+ Kd6 {White resigns} 0-1

[Event "Team 45 45 League T36"]
[Site "Internet Chess Club"]
[Date "2008.02.09"]
[Round "3"]
[White "Oblique"]
[Black "markgravitygood"]
[Result "1/2-1/2"]
[WhiteElo "1720"]
[BlackElo "1806"]
[Opening "QGD Slav: 4.Nc3"]
[ECO "D15"]
[Time "13:15:31"]
[TimeControl "2700+45"]

1. d4 d5 2. c4 c6 3. Nf3 Nf6 4. Nc3 a6 5. c5 Nbd7 6. Bf4 Nh5 7. Bd2 Nhf6 8. Qc2
g6 9. g3 Bg7 10. Bg2 O-O 11. O-O e5 12. dxe5 Ng4 13. Bg5 Qa5 14. Na4 Ngxe5 15.
Nxe5 Bxe5 16. Rad1 Qc7 17. e4 dxe4 18. Qxe4 Nf6 19. Bxf6 Bxf6 20. Nb6 Rb8 21.
Nxc8 Rbxc8 {Game drawn by mutual agreement} 1/2-1/2

[Event "Team 45 45 League T36"]
[Site "Internet Chess Club"]
[Date "2008.02.09"]
[Round "3"]
[White "joshtournman"]
[Black "chess92192"]
[Result "0-1"]
[WhiteElo "1462"]
[BlackElo "1754"]
[Opening "Queen's pawn game"]
[ECO "D00"]
[Time "19:01:29"]
[TimeControl "2700+45"]

1. d4 Nf6 2. Nc3 d5 3. Nf3 Bf5 4. Bf4 e6 5. Nh4 Bg6 6. Nxg6 hxg6 7. e3 c6 8.
Bxb8 Rxb8 9. a3 Bd6 10. g3 Rh6 11. Qd2 Kd7 12. O-O-O b5 13. Na2 Ne4 14. Qe2 Bxg3
15. Qf3 Nxf2 16. Qxg3 Nxh1 17. Qf3 Rxh2 18. Bg2 Qf6 19. Bxh1 Qxf3 20. Bxf3 Rf2
21. Bh1 Rh8 22. Nb4 Rhh2 23. Kb1 a5 24. Nd3 Rxc2 25. Ne5+ Ke7 26. b4 axb4 27.
axb4 f6 28. Nxg6+ Kf7 29. Rg1 Rb2+ 30. Kc1 Rhc2+ 31. Kd1 Rb1+ 32. Kxc2 Rxg1 33.
Nh8+ Kg8 {White resigns} 0-1

[Event "Team 45 45 League T36"]
[Site "Internet Chess Club"]
[Date "2008.02.10"]
[Round "3"]
[White "mickeys"]
[Black "ADIOKiddo4Ever"]
[Result "0-1"]
[WhiteElo "1715"]
[BlackElo "1550"]
[Opening "King's Indian: Andersson variation"]
[ECO "E92"]
[Time "18:03:22"]
[TimeControl "2700+45"]

1. d4 Nf6 2. Nf3 g6 3. c4 Bg7 4. Nc3 O-O 5. e4 d6 6. Be2 e5 7. dxe5 dxe5 8. Qxd8
Rxd8 9. Bg5 Re8 10. Nd5 Nxd5 11. cxd5 c6 12. Bc4 cxd5 13. Bxd5 Nd7 14. O-O h6
15. Bh4 g5 16. Bg3 Nf6 17. Bxe5 Rxe5 18. Nxe5 Nxd5 19. Nc4 Nf4 20. Rad1 Be6 21.
b3 Ne2+ 22. Kh1 Nc3 23. Rde1 Nxa2 24. f4 b5 25. Nd6 a6 26. Re3 gxf4 27. Rxf4 Be5
28. Rf2 Nc1 29. Nf5 Nxb3 30. Nxh6+ Kg7 31. Nf5+ Kf8 32. Rh3 Rc8 33. g3 Nc5 34.
Rf4 b4 35. Rfh4 Ke8 36. Rg4 b3 37. Rh5 b2 38. Rg8+ Kd7 39. Rxc8 b1=Q+ 40. Kg2
Qxe4+ 41. Kf2 Nd3+ {White resigns} 0-1

[Event "Team 45 45 League T36"]
[Site "Internet Chess Club"]
[Date "2008.02.06"]
[Round "3"]
[White "CMerli"]
[Black "Gail"]
[Result "1/2-1/2"]
[WhiteElo "2345"]
[BlackElo "2421"]
[Opening "English opening"]
[ECO "A32"]
[Time "16:05:54"]
[TimeControl "2700+45"]

1. c4 Nf6 2. Nc3 c5 3. Nf3 e6 4. d4 cxd4 5. Nxd4 Bb4 6. g3 O-O 7. Bg2 d5 8. cxd5
Nxd5 9. Bd2 Bxc3 10. bxc3 e5 11. Nb3 Nc6 12. O-O Nb6 13. Be3 Qc7 14. Qd3 Be6 15.
Qb5 Rfd8 16. Rad1 f6 17. Na5 Nxa5 18. Qxa5 Rdc8 19. Qb4 Bxa2 20. Bxb6 axb6 21.
Rd6 b5 22. Rfd1 Rd8 23. Rxd8+ {Game drawn by mutual agreement} 1/2-1/2

[Event "Team 45 45 League T36"]
[Site "Internet Chess Club"]
[Date "2008.02.09"]
[Round "3"]
[White "Squeaker"]
[Black "killer21"]
[Result "0-1"]
[WhiteElo "1875"]
[BlackElo "2229"]
[Opening "Benkö gambit half accepted"]
[ECO "A57"]
[Time "13:02:22"]
[TimeControl "2700+45"]

1. d4 Nf6 2. c4 c5 3. d5 b5 4. cxb5 a6 5. e3 axb5 6. Bxb5 Bb7 7. Nc3 Qa5 8. Bd2
Qb6 9. Qb3 e6 10. e4 Nxe4 11. Nxe4 Bxd5 12. Qd3 f5 13. f3 fxe4 14. fxe4 Bc6 15.
Bxc6 Nxc6 16. Rd1 Qa6 17. Qf3 Nd4 18. Qh5+ g6 19. Qe5 Bg7 20. Qxg7 Rf8 21. Bc3
Qf1+ 22. Kd2 Rf2+ 23. Ke3 Nc2# {White checkmated} 0-1

[Event "Team 45 45 League T36"]
[Site "Internet Chess Club"]
[Date "2008.02.09"]
[Round "3"]
[White "Terte"]
[Black "Despair"]
[Result "1-0"]
[WhiteElo "2121"]
[BlackElo "1938"]
[Opening "Owen defense"]
[ECO "B00"]
[Time "05:52:57"]
[TimeControl "2700+45"]

1. e4 b6 2. d4 g6 3. Nf3 Bb7 4. Nc3 Bg7 5. Be3 Nf6 6. e5 Ng4 7. Bf4 f6 8. Bc4
fxe5 9. dxe5 Rf8 10. h3 Rxf4 11. hxg4 Rxf3 12. gxf3 e6 13. Rxh7 Qg5 14. Qe2 Bxe5
15. Rd1 Qf4 16. Qd3 Qf6 17. Ne4 Bxe4 18. Qxe4 c6 19. Bd3 Bxb2 20. Qxg6+ Qxg6 21.
Bxg6+ Kd8 22. f4 d5 23. g5 Nd7 24. Bh5 Kc7 25. Kd2 d4 26. g6 Bc3+ 27. Kc1 Rg8
28. Rd3 Kd6 29. Rf7 Nc5 30. g7 Nxd3+ 31. cxd3 Be1 32. Bg6 Bxf2 33. Bh7 Be3+ 34.
Kc2 Rxg7 35. Rxg7 Bxf4 36. Rxa7 {Black resigns} 1-0

[Event "Team 45 45 League T36"]
[Site "Internet Chess Club"]
[Date "2008.02.06"]
[Round "3"]
[White "Defenceact"]
[Black "valipop"]
[Result "0-1"]
[WhiteElo "1838"]
[BlackElo "2122"]
[Opening "QGD semi-Slav"]
[ECO "D43"]
[Time "12:39:00"]
[TimeControl "2700+45"]

1. d4 d5 2. Nf3 Nf6 3. c4 e6 4. Nc3 c6 5. Bg5 Be7 6. e3 O-O 7. Qc2 h6 8. Bh4 Na6
9. a3 dxc4 10. Bxc4 b5 11. Bd3 b4 12. Ne4 bxa3 13. Nxf6+ gxf6 14. O-O Nb4 15.
Bh7+ Kg7 16. Qe4 f5 17. Bxf5 axb2 18. Ra4 Bxh4 19. Nxh4 exf5 20. Nxf5+ Bxf5 21.
Qxf5 Qg5 22. Qb1 Qb5 23. Ra3 Nd5 24. e4 Nf4 25. Rd1 Rfb8 26. e5 Ne2+ 27. Kh1 Qc4
28. Qf5 Qc1 29. Qf6+ Kg8 30. h3 Qxd1+ 31. Kh2 Qg1# {White checkmated} 0-1

[Event "Team 45 45 League T36"]
[Site "Internet Chess Club"]
[Date "2008.02.08"]
[Round "3"]
[White "nardz"]
[Black "Kiutner"]
[Result "0-1"]
[WhiteElo "2188"]
[BlackElo "2375"]
[Opening "Queen's gambit declined"]
[ECO "D30"]
[Time "08:59:41"]
[TimeControl "2700+45"]

1. d4 d5 2. c4 e6 3. cxd5 exd5 4. Nc3 c6 5. Nf3 Nf6 6. Bg5 Be7 7. Qc2 g6 8. e3
Bf5 9. Bd3 Bxd3 10. Qxd3 Nbd7 11. O-O O-O 12. Rab1 a5 13. Ne5 Nxe5 14. dxe5 Nd7
15. Bxe7 Qxe7 16. f4 f6 17. exf6 Nxf6 18. Kh1 Rae8 19. Rbe1 Ne4 20. Rf3 Qb4 21.
Rb1 b5 22. g4 Nxc3 23. Qxc3 Qxc3 24. bxc3 Re4 25. Kg2 Rfe8 26. Kf2 Ra4 27. Rb2
Ra3 28. Rc2 Re4 29. f5 Rxg4 30. fxg6 Rxg6 31. Rf4 Kg7 32. Rh4 Rg5 33. Kf3 Kg6
34. h3 h6 35. Kf2 Rh5 36. Rg4+ Kf6 37. h4 Rf5+ 38. Ke2 Re5 39. Kf2 h5 40. Rg8
Re4 41. Rh8 Kg6 42. Kf3 Rxh4 43. Rg2+ Rg4 44. Rh2 Rg5 45. Rg8+ Kh6 46. Rh8+ Kg7
47. Ra8 Rxc3 48. Kf4 Rg4+ 49. Kf5 Rxe3 50. Rxh5 Rge4 51. Rhh8 Re5+ 52. Kf4 R3e4+
53. Kf3 Rf5+ 54. Kg3 Rg5+ 55. Kf3 Kf6 56. Rxa5 Ke5 57. Rh6 Rf5+ 58. Kg3 Re3+ 59.
Kg2 Rf6 60. Rh4 Rf4 61. Rh6 Rc4 62. Ra6 Rc2+ 63. Kf1 Rec3 64. Ra8 Rb2 65. Re8+
Kd4 66. Re2 Rxe2 67. Kxe2 Kc5 68. Kd1 d4 69. Rh4 Kd5 70. Rh5+ Kc4 71. Rh6 c5 72.
Rh4 b4 73. Rh8 Rg3 74. Kc2 Rg2+ 75. Kb1 Kc3 {White resigns} 0-1

[Event "Team 45 45 League T36"]
[Site "Internet Chess Club"]
[Date "2008.02.07"]
[Round "3"]
[White "VammSK"]
[Black "eurander"]
[Result "0-1"]
[WhiteElo "2219"]
[BlackElo "2140"]
[Opening "QGD Slav: Dutch variation"]
[ECO "D18"]
[Time "12:51:32"]
[TimeControl "2700+45"]

1. d4 d5 2. c4 c6 3. Nc3 Nf6 4. Nf3 dxc4 5. a4 Bf5 6. e3 e6 7. Bxc4 Nbd7 8. O-O
Bb4 9. Qe2 O-O 10. e4 Bg6 11. Bd3 Bh5 12. e5 Nd5 13. Nxd5 cxd5 14. Qe3 Be7 15.
Bd2 Rc8 16. a5 Bg6 17. Bxg6 hxg6 18. Qb3 Rb8 19. Rfc1 b6 20. a6 Rc8 21. Qd3 Nb8
22. b4 Nc6 23. b5 Na5 24. Bxa5 bxa5 25. Nd2 Bb4 26. Rxc8 Qxc8 27. Nb3 Qc4 28.
Qxc4 dxc4 29. Nxa5 Bxa5 30. Rxa5 c3 31. Ra2 Rb8 32. Kf1 Rxb5 33. Rc2 Rb3 34. Ke2
Ra3 35. Kd3 g5 36. Rxc3 Rxa6 37. Ke4 Kh7 38. Rg3 Ra2 39. Rf3 Kg6 40. h3 f5+ 41.
Kd3 Ra3+ 42. Ke2 Rxf3 43. Kxf3 Kf7 44. Ke3 Ke7 45. Kd3 Kd7 46. Kc4 Kc6 47. h4
gxh4 48. f4 a6 49. d5+ exd5+ 50. Kb4 Kb6 51. Kc3 Kc5 52. Kd3 a5 53. Kc3 d4+ 54.
Kb3 Kd5 55. Kb2 a4 56. Kc2 a3 {White resigns} 0-1

[Event "Team 45 45 League T36"]
[Site "Internet Chess Club"]
[Date "2008.02.11"]
[Round "3"]
[White "JustinSane"]
[Black "NFork"]
[Result "0-1"]
[WhiteElo "2205"]
[BlackElo "2161"]
[Opening "Queen's pawn: London system"]
[ECO "A45"]
[Time "15:44:06"]
[TimeControl "2700+45"]

1. d4 Nf6 2. Bf4 c5 3. e3 Qb6 4. Nc3 e6 5. Na4 Qa5+ 6. c3 cxd4 7. exd4 d6 8. b4
Qc7 9. c4 e5 10. Be3 Nc6 11. b5 Nxd4 12. Bxd4 exd4 13. Qxd4 d5 14. c5 Qa5+ 15.
Nc3 Ne4 16. Ne2 Be6 17. f3 Nxc3 18. Qxc3 Qxc3+ 19. Nxc3 Bxc5 20. O-O-O O-O 21.
Nxd5 Rac8 22. Kb2 Rfd8 23. Bc4 Bd6 24. Kb3 Rc5 25. Ne3 Rxb5+ 26. Kc2 Rc5 27. Kb3
Rxc4 28. Nxc4 b5 29. Rhe1 bxc4+ 30. Ka4 Kf8 {White resigns} 0-1